Blackhawks vs Rangers
Created - January 23, 2021 at 20:51
Goals
|
| Blackhawks |
1 |
1 |
1 |
3 |
| Rangers |
2 |
2 |
3 |
7 |
|
Shots
|
| Blackhawks |
12 |
12 |
5 |
29 |
| Rangers |
17 |
10 |
12 |
39 |
|
1st period
1. Rangers , Sean Couturier 10 (Rostislav Olesz 10, Kyle Okposo 14) at 7:26 (PP)
2. Rangers , Patrice Bergeron 19 (Milan Lucic 31) at 10:50 (PP)
3. Blackhawks , Rick Nash 11 (Derick Brassard 30, Ryan Whitney 3) at 11:02
Penalties :
Milan Lucic (NYR) for Unsportsmanlike conduct (Minor) at 2:44, Derick Brassard (Chi) for Tripping (Minor) at 6:04, Gabriel Bourque (Chi) for Slashing (Minor) at 9:23, Milan Lucic (NYR) for Hooking (Minor) at 14:44
2nd period
4. Rangers , Jakob Silfverberg 14 (Luke Schenn 13, Patrice Bergeron 21) at 2:31
5. Blackhawks , Brad Boyes 9 (Gabriel Bourque 3) at 13:14
6. Rangers , Cam Barker 4 (Milan Lucic 32) at 18:20 (PP)
Penalties :
Rostislav Olesz (NYR) for Cross-checking (Minor) at 6:38, Derick Brassard (Chi) for Tripping (Minor) at 18:07
3rd period
7. Rangers , Patrice Bergeron 20 (Luke Schenn 14, Jakob Silfverberg 20) at 5:08 (PP)
8. Blackhawks , Antoine Roussel 18 (Rick Nash 18, Derick Brassard 31) at 15:25
9. Rangers , Milan Lucic 25 (Patrice Bergeron 22) at 16:25
10. Rangers , Chris Bourque 8 (Dmitry Kulikov 6, Tomas Hertl 8) at 19:42
Penalties :
Ryan Whitney (Chi) for Tripping (Minor) at 4:48
Goalie Stats
Jimmy Howard (Chi), 32 saves from 39 shots - (0.821), L, 13-15-2, 60:00 minutes
Frederik Andersen (NYR), 26 saves from 29 shots - (0.897), W, 13-16-2, 60:00 minutes
Players Stats for Blackhawks
Player Name G A P +/- PIM S H SB GA TA FO MP PP MP PK MP
------------------------------------------------------------------------------------
Antoine Roussel 1 0 1 1 0 3 1 0 0 0 1/5 22:01 2:58 0:00
Brad Boyes 1 0 1 -1 0 3 2 0 0 0 0/0 6:45 0:00 0:00
Brent Seabrook 0 0 0 -1 0 0 0 0 1 0 0/0 17:26 0:00 1:28
Cody Hodgson 0 0 0 0 0 2 0 0 0 0 3/5 10:53 0:00 0:55
Derick Brassard 0 2 2 1 4 5 2 0 1 0 19/33 21:59 2:58 0:00
Dougie Hamilton 0 0 0 1 0 0 1 0 1 0 0/0 14:56 2:14 1:28
Gabriel Bourque 0 1 1 -1 2 1 0 0 0 0 0/0 6:44 0:00 0:00
Garnet Hathaway 0 0 0 0 0 2 0 0 0 0 0/0 10:53 0:00 0:55
John Carlson 0 0 0 0 0 1 1 2 1 3 0/0 29:19 3:43 1:54
Johnny Gaudreau 0 0 0 0 0 4 0 0 1 1 1/1 17:54 2:59 0:00
Matthew Spiller 0 0 0 -1 0 0 0 2 1 0 0/0 17:33 0:00 1:54
Mike Comrie 0 0 0 -1 0 0 0 0 0 0 9/12 9:06 0:00 2:21
Nathan Horton 0 0 0 0 0 1 2 0 0 0 0/0 20:12 2:59 2:18
Nick Leddy 0 0 0 1 0 0 3 0 0 0 0/0 23:04 2:14 0:00
Patrick Marleau 0 0 0 0 0 0 0 0 0 0 0/0 10:13 0:00 0:15
Rick Nash 1 1 2 1 0 2 1 0 1 0 1/3 22:01 2:58 0:00
Ryan Whitney 0 1 1 0 2 2 0 1 1 0 0/0 17:41 3:43 0:00
Tim Connolly 0 0 0 0 0 3 1 0 0 1 4/14 17:54 2:59 0:00
Players Stats for Rangers
Player Name G A P +/- PIM S H SB GA TA FO MP PP MP PK MP
------------------------------------------------------------------------------------
Cam Barker 1 0 1 0 0 3 1 1 0 2 0/0 26:38 1:51 3:38
Chris Bourque 1 0 1 1 0 4 0 0 0 0 1/1 12:30 0:00 1:38
Devante Smith-Pelly 0 0 0 0 0 2 0 2 0 0 0/0 6:37 0:00 0:00
Dmitry Kulikov 0 1 1 0 0 0 2 2 0 2 0/0 21:35 1:31 2:19
Jakob Silfverberg 1 1 2 0 0 7 3 1 1 1 0/1 23:48 2:31 3:05
Kyle Okposo 0 1 1 -1 0 0 2 0 1 0 0/0 15:09 0:51 0:00
Luke Schenn 0 2 2 0 0 3 1 2 1 0 0/0 26:38 1:51 3:38
Magnus Paajarvi 0 0 0 0 0 1 1 0 0 0 0/0 7:30 0:00 0:11
Mark Fistric 0 0 0 0 0 1 0 0 0 1 0/0 21:35 1:31 2:19
Maxime Sauvé 0 0 0 0 0 2 1 1 0 0 1/1 6:37 0:00 0:00
Milan Lucic 1 2 3 0 4 2 1 1 0 0 2/4 22:34 2:31 1:11
Morgan Ellis 0 0 0 0 0 0 0 0 0 0 0/0 11:47 0:00 0:00
Patrice Bergeron 2 2 4 0 0 4 0 0 0 0 20/39 22:09 2:31 1:28
Patrik Nemeth 0 0 0 0 0 4 1 0 0 0 0/0 11:47 0:00 0:00
Rostislav Olesz 0 1 1 -1 2 0 1 0 1 1 0/0 15:09 0:51 0:00
Sean Couturier 1 0 1 -1 0 3 1 1 1 0 5/17 18:26 0:51 2:35
Steve Quailer 0 0 0 1 0 2 0 0 0 1 0/0 10:52 0:00 0:00
Tomas Hertl 0 1 1 1 0 1 1 2 0 0 6/10 12:39 0:00 1:46
3 Stars
1 - Patrice Bergeron (NYR)
2 - Jakob Silfverberg (NYR)
3 - Milan Lucic (NYR)
Power Play
Blackhawks - 0 on 3 Attempt(s) - 0.00%
Rangers - 4 on 4 Attempt(s) - 100.00%
Penalty Kill
Blackhawks - 0 on 4 Attempt(s) - 0.00%
- Score 0 goal in Penalty Kill
Rangers - 3 on 3 Attempt(s) - 100.00%
- Score 0 goal in Penalty Kill
Team Stat
Blackhawks - Hits : 14 - Faceoff Wins : 38 - Blocked Shots : 5 - Penalty Minutes : 8
Rangers - Hits : 16 - Faceoff Wins : 35 - Blocked Shots : 13 - Penalty Minutes : 6
Official
Referees : Unknown
Linesman : Unknown
Game Notes
No Game Note
Finance
Level 1 -- Attendance: 5321 (88.68%) -- Ticket Income $505,495
Level 2 -- Attendance: 4795 (95.90%) -- Ticket Income $287,700
Level 3 -- Attendance: 2000 (100.00%) -- Ticket Income $70,000
Level 4 -- Attendance: 4000 (100.00%) -- Ticket Income $100,000
Luxury Box -- Attendance: 1000 (100.00%) -- Ticket Income $180,000
Game was played at the Madison Square Garden.
Total Attendance: 17116 (95.09%)
Total Ticket Income: $1,143,195
Other Income: $171,479
Total Income: $1,314,674
Blackhawks
5 vs 5 Forward
Center Left Wing Right Wing Time % Phy DF OF
1 Derick Brassard Antoine Roussel Rick Nash 40 1 2 2
2 Tim Connolly Johnny Gaudreau Nathan Horton 30 1 2 2
3 Cody Hodgson Patrick Marleau Garnet Hathaway 20 1 2 2
4 Mike Comrie Gabriel Bourque Brad Boyes 10 1 2 2
5 vs 5 Defense
Defense Defense Time % Phy DF OF
1 John Carlson Nick Leddy 40 1 2 2
2 Matthew Spiller Brent Seabrook 30 1 2 2
3 Dougie Hamilton Ryan Whitney 20 1 2 2
4 John Carlson Ryan Whitney 10 1 2 2
PowerPlay Forward
Center Left Wing Right Wing Time % Phy DF OF
1 Derick Brassard Antoine Roussel Rick Nash 60 1 2 2
2 Tim Connolly Johnny Gaudreau Nathan Horton 40 1 2 2
PowerPlay Defense
Defense Defense Time % Phy DF OF
1 John Carlson Ryan Whitney 60 1 2 2
2 Dougie Hamilton Nick Leddy 40 1 2 2
Penalty Kill 4 Players Forward
Center Wing Time % Phy DF OF
1 Mike Comrie Nathan Horton 60 1 2 2
2 Cody Hodgson Garnet Hathaway 40 1 2 2
Penalty Kill 4 Players Defense
Defense Defense Time % Phy DF OF
1 John Carlson Matthew Spiller 60 1 2 2
2 Brent Seabrook Dougie Hamilton 40 1 2 2
Penalty Kill - 3 Players Forward
Forward Time % Phy DF OF
1 Mike Comrie 60 1 2 2
2 Cody Hodgson 40 1 2 2
Penalty Kill - 3 Players Defense
Defense Defense Time % Phy DF OF
1 John Carlson Matthew Spiller 60 1 2 2
2 Brent Seabrook Dougie Hamilton 40 1 2 2
4 vs 4 Forward
Center Wing Time % Phy DF OF
1 Derick Brassard Antoine Roussel 60 1 2 2
2 Cody Hodgson Johnny Gaudreau 40 1 2 2
4 vs 4 Defense
Defense Defense Time % Phy DF OF
1 John Carlson Brent Seabrook 60 1 2 2
2 Matthew Spiller Nick Leddy 40 1 2 2
Last Minutes Offensive
Center Left Wing Right Wing Defense Defense
Derick Brassard Antoine Roussel Rick Nash John Carlson Nick Leddy
Last Minutes Defensive
Center Left Wing Right Wing Defense Defense
Derick Brassard Antoine Roussel Rick Nash John Carlson Brent Seabrook
Goaltenders
Starting : Jimmy Howard
Backup : Pekka Rinne
Extra Forwards
Normal : Garnet Hathaway, Brad Boyes, Patrick Marleau - PP : Brad Boyes, Garnet Hathaway - PK : Patrick Marleau
Extra Defensemen
Normal : Dougie Hamilton, Matthew Spiller, Nick Leddy - PP : Brent Seabrook - PK : Ryan Whitney, Nick Leddy
Penalty Shots
Antoine Roussel, Nathan Horton, Johnny Gaudreau, Rick Nash, Cody Hodgson
Scratches
None
Rangers
5 vs 5 Forward
Center Left Wing Right Wing Time % Phy DF OF
1 Patrice Bergeron Milan Lucic Jakob Silfverberg 40 1 2 2
2 Sean Couturier Rostislav Olesz Kyle Okposo 30 1 2 2
3 Tomas Hertl Chris Bourque Steve Quailer 20 1 2 2
4 Maxime Sauvé Magnus Paajarvi Devante Smith-Pelly 10 1 2 2
5 vs 5 Defense
Defense Defense Time % Phy DF OF
1 Luke Schenn Cam Barker 40 1 2 2
2 Dmitry Kulikov Mark Fistric 30 1 2 2
3 Patrik Nemeth Morgan Ellis 20 1 2 2
4 Luke Schenn Cam Barker 10 1 2 2
PowerPlay Forward
Center Left Wing Right Wing Time % Phy DF OF
1 Patrice Bergeron Milan Lucic Jakob Silfverberg 60 1 2 2
2 Sean Couturier Rostislav Olesz Kyle Okposo 40 1 2 2
PowerPlay Defense
Defense Defense Time % Phy DF OF
1 Luke Schenn Cam Barker 60 1 2 2
2 Dmitry Kulikov Mark Fistric 40 1 2 2
Penalty Kill 4 Players Forward
Center Wing Time % Phy DF OF
1 Milan Lucic Jakob Silfverberg 60 1 2 2
2 Patrice Bergeron Sean Couturier 40 1 2 2
Penalty Kill 4 Players Defense
Defense Defense Time % Phy DF OF
1 Luke Schenn Cam Barker 60 1 2 2
2 Dmitry Kulikov Mark Fistric 40 1 2 2
Penalty Kill - 3 Players Forward
Forward Time % Phy DF OF
1 Milan Lucic 60 1 2 2
2 Jakob Silfverberg 40 1 2 2
Penalty Kill - 3 Players Defense
Defense Defense Time % Phy DF OF
1 Luke Schenn Cam Barker 60 1 2 2
2 Dmitry Kulikov Mark Fistric 40 1 2 2
4 vs 4 Forward
Center Wing Time % Phy DF OF
1 Milan Lucic Jakob Silfverberg 60 1 2 2
2 Patrice Bergeron Sean Couturier 40 1 2 2
4 vs 4 Defense
Defense Defense Time % Phy DF OF
1 Luke Schenn Cam Barker 60 1 2 2
2 Dmitry Kulikov Mark Fistric 40 1 2 2
Last Minutes Offensive
Center Left Wing Right Wing Defense Defense
Patrice Bergeron Milan Lucic Jakob Silfverberg Luke Schenn Cam Barker
Last Minutes Defensive
Center Left Wing Right Wing Defense Defense
Patrice Bergeron Milan Lucic Jakob Silfverberg Luke Schenn Cam Barker
Goaltenders
Starting : Frederik Andersen
Backup : Mike Condon
Extra Forwards
Normal : Steve Quailer, Chris Bourque, Tomas Hertl - PP : Steve Quailer, Chris Bourque - PK : Tomas Hertl
Extra Defensemen
Normal : Patrik Nemeth, Morgan Ellis, Dmitry Kulikov - PP : Patrik Nemeth - PK : Morgan Ellis, Dmitry Kulikov
Penalty Shots
Milan Lucic, Jakob Silfverberg, Patrice Bergeron, Sean Couturier, Kyle Okposo
Scratches
Matt Delahey (Healthy)
% Time on Ice - Blackhawks
Lines # - Real PCT - Wanted PCT - Time Play
Normal Forward
1 - 38% - 40% - 19:03
2 - 29% - 30% - 14:55
3 - 20% - 20% - 9:58
4 - 13% - 10% - 6:45
Normal Defense
1 - 43% - 40% - 21:45
2 - 31% - 30% - 15:39
3 - 19% - 20% - 9:37
4 - 7% - 10% - 3:40
PP Forward
1 - 50% - 60% - 2:58
2 - 50% - 40% - 2:59
PP Defense
1 - 62% - 60% - 3:43
2 - 38% - 40% - 2:14
PK Forward
1 - 73% - 60% - 2:27
2 - 27% - 40% - 0:55
PK Defense
1 - 56% - 60% - 1:54
2 - 44% - 40% - 1:28
PK3 Forward
1 - 0% - 60%
2 - 0% - 40%
PK3 Defense
1 - 0% - 60%
2 - 0% - 40%
44 Forward
1 - 0% - 60%
2 - 0% - 40%
44 Defense
1 - 0% - 60%
2 - 0% - 40%
Last Minute Offensive - 0:00
Last Minute Defensive - 0:00
Total
Forward - 60:00
Defense - 60:00
|
% Time on Ice - Rangers
Lines # - Real PCT - Wanted PCT - Time Play
Normal Forward
1 - 37% - 40% - 18:54
2 - 28% - 30% - 14:18
3 - 21% - 20% - 10:52
4 - 13% - 10% - 6:37
Normal Defense
1 - 38% - 40% - 19:27
2 - 35% - 30% - 17:45
3 - 23% - 20% - 11:47
4 - 3% - 10% - 1:42
PP Forward
1 - 75% - 60% - 2:31
2 - 25% - 40% - 0:51
PP Defense
1 - 55% - 60% - 1:51
2 - 45% - 40% - 1:31
PK Forward
1 - 77% - 60% - 4:35
2 - 23% - 40% - 1:22
PK Defense
1 - 61% - 60% - 3:38
2 - 39% - 40% - 2:19
PK3 Forward
1 - 0% - 60%
2 - 0% - 40%
PK3 Defense
1 - 0% - 60%
2 - 0% - 40%
44 Forward
1 - 0% - 60%
2 - 0% - 40%
44 Defense
1 - 0% - 60%
2 - 0% - 40%
Last Minute Offensive - 0:00
Last Minute Defensive - 0:00
Total
Forward - 60:00
Defense - 60:00
|
Play-by-Play
1st period
0:01 of 1st period - Patrice Bergeron wins face-off versus Derick Brassard in neutral zone.
0:30 of 1st period - Snap shot by Kyle Okposo.
0:30 of 1st period - Shot Misses the Net.
1:18 of 1st period - Snap shot by Devante Smith-Pelly.
1:18 of 1st period - Stopped by Jimmy Howard with a rebound.
1:20 of 1st period - Wrist shot by Devante Smith-Pelly.
1:20 of 1st period - Stopped by Jimmy Howard with a rebound.
1:41 of 1st period - Icing by Derick Brassard.
1:42 of 1st period - Derick Brassard wins face-off versus Sean Couturier in Blackhawks zone.
1:51 of 1st period - Slapshot by Luke Schenn.
1:51 of 1st period - Stopped by Jimmy Howard without a rebound.
1:52 of 1st period - Sean Couturier wins face-off versus Tim Connolly in Blackhawks zone.
2:15 of 1st period - Snap shot by Sean Couturier.
2:15 of 1st period - Shot Blocked by Matthew Spiller.
2:17 of 1st period - Slapshot by Luke Schenn.
2:17 of 1st period - Stopped by Jimmy Howard with a rebound.
2:19 of 1st period - Slapshot by Cam Barker.
2:19 of 1st period - Shot Misses the Net.
2:21 of 1st period - Snap shot by Luke Schenn.
2:21 of 1st period - Shot Blocked by Matthew Spiller.
2:23 of 1st period - Slapshot by Cam Barker.
2:23 of 1st period - Stopped by Jimmy Howard without a rebound.
2:24 of 1st period - Patrice Bergeron wins face-off versus Derick Brassard in Blackhawks zone.
2:37 of 1st period - Backhand shot by Jakob Silfverberg.
2:37 of 1st period - Stopped by Jimmy Howard with a rebound.
2:44 of 1st period - Minor Penalty to Milan Lucic for Unsportsmanlike conduct.
2:45 of 1st period - Tomas Hertl wins face-off versus Derick Brassard in Rangers zone.
4:44 of 1st period - Penalty to Milan Lucic is over, Milan Lucic is back on ice.
4:56 of 1st period - Slapshot by Matthew Spiller.
4:56 of 1st period - Shot Misses the Net.
4:58 of 1st period - Wrist shot by Cody Hodgson.
4:58 of 1st period - Shot Blocked by Devante Smith-Pelly.
5:00 of 1st period - Wrist shot by Garnet Hathaway.
5:00 of 1st period - Stopped by Frederik Andersen without a rebound.
5:01 of 1st period - Mike Comrie wins face-off versus Patrice Bergeron in Rangers zone.
5:14 of 1st period - Snap shot by Brad Boyes.
5:14 of 1st period - Stopped by Frederik Andersen with a rebound.
6:04 of 1st period - Minor Penalty to Derick Brassard for Tripping.
6:05 of 1st period - Mike Comrie wins face-off versus Patrice Bergeron in Blackhawks zone.
6:13 of 1st period - Off-side.
6:14 of 1st period - Mike Comrie wins face-off versus Patrice Bergeron in neutral zone.
6:19 of 1st period - Wrist shot by Nathan Horton.
6:19 of 1st period - Shot Blocked by Luke Schenn.
6:42 of 1st period - Wrist shot by Sean Couturier.
6:42 of 1st period - Stopped by Jimmy Howard without a rebound.
6:43 of 1st period - Cody Hodgson wins face-off versus Sean Couturier in Blackhawks zone.
6:43 of 1st period - Cody Hodgson is hit by Dmitry Kulikov.
6:50 of 1st period - Off-side.
6:51 of 1st period - Mike Comrie wins face-off versus Patrice Bergeron in neutral zone.
7:24 of 1st period - Snap shot by Sean Couturier.
7:24 of 1st period - Shot Misses the Net.
7:26 of 1st period - Slapshot by Sean Couturier.
7:26 of 1st period - Goal by Sean Couturier - Blackhawks : 0 - Rangers : 1.
7:27 of 1st period - Derick Brassard wins face-off versus Patrice Bergeron in neutral zone.
7:30 of 1st period - Cam Barker is hit by Antoine Roussel and loses puck.
7:42 of 1st period - Backhand shot by Jakob Silfverberg.
7:42 of 1st period - Stopped by Jimmy Howard without a rebound.
7:43 of 1st period - Tomas Hertl wins face-off versus Tim Connolly in Blackhawks zone.
7:56 of 1st period - Snap shot by Tim Connolly.
7:56 of 1st period - Stopped by Frederik Andersen without a rebound.
7:57 of 1st period - Patrice Bergeron wins face-off versus Derick Brassard in Rangers zone.
9:00 of 1st period - Tomas Hertl is hit by Nick Leddy.
9:23 of 1st period - Minor Penalty to Gabriel Bourque for Slashing.
9:24 of 1st period - Mike Comrie wins face-off versus Patrice Bergeron in Blackhawks zone.
9:40 of 1st period - Brent Seabrook is hit by Milan Lucic.
10:48 of 1st period - Wrist shot by Patrice Bergeron.
10:48 of 1st period - Shot Misses the Net.
10:50 of 1st period - Wrist shot by Patrice Bergeron.
10:50 of 1st period - Deflect By John Carlson.
10:50 of 1st period - Goal by Patrice Bergeron - Blackhawks : 0 - Rangers : 2.
10:51 of 1st period - Derick Brassard wins face-off versus Sean Couturier in neutral zone.
10:56 of 1st period - Slapshot by Antoine Roussel.
10:56 of 1st period - Shot Misses the Net.
10:58 of 1st period - Slapshot by Ryan Whitney.
10:58 of 1st period - Deflect By Sean Couturier.
10:58 of 1st period - Stopped by Frederik Andersen with a rebound.
11:00 of 1st period - Wrist shot by Derick Brassard.
11:00 of 1st period - Stopped by Frederik Andersen with a rebound.
11:02 of 1st period - Wrist shot by Derick Brassard.
11:02 of 1st period - Deflect By Rick Nash.
11:02 of 1st period - Goal by Rick Nash - Blackhawks : 1 - Rangers : 2.
11:03 of 1st period - Derick Brassard wins face-off versus Patrice Bergeron in neutral zone.
11:14 of 1st period - Wrist shot by Derick Brassard.
11:14 of 1st period - Stopped by Frederik Andersen with a rebound.
11:34 of 1st period - Wrist shot by Derick Brassard.
11:34 of 1st period - Stopped by Frederik Andersen without a rebound.
11:35 of 1st period - Sean Couturier wins face-off versus Tim Connolly in Rangers zone.
12:03 of 1st period - Off-side.
12:04 of 1st period - Derick Brassard wins face-off versus Patrice Bergeron in neutral zone.
12:21 of 1st period - Wrist shot by Jakob Silfverberg.
12:21 of 1st period - Stopped by Jimmy Howard without a rebound.
12:22 of 1st period - Tim Connolly wins face-off versus Tomas Hertl in Blackhawks zone.
12:35 of 1st period - Snap shot by Johnny Gaudreau.
12:35 of 1st period - Stopped by Frederik Andersen with a rebound.
12:37 of 1st period - Slapshot by Dougie Hamilton.
12:37 of 1st period - Deflect By Johnny Gaudreau.
12:37 of 1st period - Stopped by Frederik Andersen with a rebound.
12:39 of 1st period - Snap shot by Nathan Horton.
12:39 of 1st period - Shot Misses the Net.
13:01 of 1st period - Icing by Jakob Silfverberg.
13:02 of 1st period - Patrice Bergeron wins face-off versus Tim Connolly in Rangers zone.
13:21 of 1st period - Wrist shot by Milan Lucic.
13:21 of 1st period - Shot Blocked by John Carlson.
13:23 of 1st period - Snap shot by Jakob Silfverberg.
13:23 of 1st period - Shot Hit the Post.
13:25 of 1st period - Slapshot by Patrik Nemeth.
13:25 of 1st period - Stopped by Jimmy Howard with a rebound.
13:27 of 1st period - Snap shot by Jakob Silfverberg.
13:27 of 1st period - Shot Misses the Net.
13:29 of 1st period - Wrist shot by Patrik Nemeth.
13:29 of 1st period - Stopped by Jimmy Howard with a rebound.
13:31 of 1st period - Snap shot by Patrice Bergeron.
13:31 of 1st period - Stopped by Jimmy Howard with a rebound.
13:43 of 1st period - Slapshot by Tim Connolly.
13:43 of 1st period - Stopped by Frederik Andersen without a rebound.
13:44 of 1st period - Derick Brassard wins face-off versus Sean Couturier in Rangers zone.
13:51 of 1st period - Snap shot by Cam Barker.
13:51 of 1st period - Stopped by Jimmy Howard without a rebound.
13:52 of 1st period - Derick Brassard wins face-off versus Sean Couturier in Blackhawks zone.
14:37 of 1st period - Icing by Brent Seabrook.
14:38 of 1st period - Patrice Bergeron wins face-off versus Derick Brassard in Blackhawks zone.
14:44 of 1st period - Minor Penalty to Milan Lucic for Hooking.
14:45 of 1st period - Tim Connolly wins face-off versus Tomas Hertl in Rangers zone.
16:44 of 1st period - Penalty to Milan Lucic is over, Milan Lucic is back on ice.
17:19 of 1st period - Wrist shot by Magnus Paajarvi.
17:19 of 1st period - Stopped by Jimmy Howard with a rebound.
17:21 of 1st period - Wrist shot by Milan Lucic.
17:21 of 1st period - Shot Misses the Net.
17:23 of 1st period - Backhand shot by Mark Fistric.
17:23 of 1st period - Stopped by Jimmy Howard with a rebound.
17:25 of 1st period - Slapshot by Mark Fistric.
17:25 of 1st period - Deflect By Milan Lucic.
17:25 of 1st period - Shot Misses the Net.
17:25 of 1st period - Puck is out of play.
17:26 of 1st period - Mike Comrie wins face-off versus Tomas Hertl in Blackhawks zone.
17:31 of 1st period - Wrist shot by Mike Comrie.
17:31 of 1st period - Shot Misses the Net.
18:08 of 1st period - Chris Bourque is hit by Tim Connolly and loses puck.
18:23 of 1st period - Patrick Marleau is hit by Jakob Silfverberg and loses puck.
19:02 of 1st period - Snap shot by Brad Boyes.
19:02 of 1st period - Stopped by Frederik Andersen with a rebound.
19:32 of 1st period - Jakob Silfverberg is hit by Nathan Horton and loses puck.
19:48 of 1st period - Brent Seabrook is hit by Patrik Nemeth and loses puck.
19:53 of 1st period - Snap shot by Cody Hodgson.
19:53 of 1st period - Shot Blocked by Tomas Hertl.
19:55 of 1st period - Wrist shot by Cody Hodgson.
19:55 of 1st period - Shot Misses the Net.
Goals for this period are 1 for Blackhawks vs 2 for Rangers.
Shots for this period are 12 for Blackhawks vs 17 for Rangers.
2nd period
0:01 of 2nd period - Patrice Bergeron wins face-off versus Derick Brassard in neutral zone.
0:17 of 2nd period - Icing by Cam Barker.
0:18 of 2nd period - Johnny Gaudreau wins face-off versus Patrice Bergeron in Rangers zone.
0:25 of 2nd period - Snap shot by Johnny Gaudreau.
0:25 of 2nd period - Shot Misses the Net.
0:31 of 2nd period - Snap shot by Johnny Gaudreau.
0:31 of 2nd period - Stopped by Frederik Andersen without a rebound.
0:32 of 2nd period - Derick Brassard wins face-off versus Sean Couturier in Rangers zone.
0:47 of 2nd period - Wrist shot by Sean Couturier.
0:47 of 2nd period - Stopped by Jimmy Howard without a rebound.
0:48 of 2nd period - Patrice Bergeron wins face-off versus Tim Connolly in Blackhawks zone.
1:15 of 2nd period - Luke Schenn is hit by Derick Brassard and loses puck.
1:24 of 2nd period - Slapshot by Antoine Roussel.
1:24 of 2nd period - Shot Misses the Net.
2:10 of 2nd period - Cam Barker is hit by Dougie Hamilton and loses puck.
2:27 of 2nd period - Snap shot by Jakob Silfverberg.
2:27 of 2nd period - Shot Misses the Net.
2:29 of 2nd period - Slapshot by Luke Schenn.
2:29 of 2nd period - Shot Misses the Net.
2:31 of 2nd period - Wrist shot by Jakob Silfverberg.
2:31 of 2nd period - Goal by Jakob Silfverberg - Blackhawks : 1 - Rangers : 3.
2:32 of 2nd period - Milan Lucic wins face-off versus Rick Nash in neutral zone.
3:19 of 2nd period - Icing by John Carlson.
3:20 of 2nd period - Cody Hodgson wins face-off versus Tomas Hertl in Blackhawks zone.
3:55 of 2nd period - Wrist shot by Derick Brassard.
3:55 of 2nd period - Shot Blocked by Milan Lucic.
4:27 of 2nd period - Slapshot by Dougie Hamilton.
4:27 of 2nd period - Shot Misses the Net.
5:17 of 2nd period - Wrist shot by Jakob Silfverberg.
5:17 of 2nd period - Shot Misses the Net.
5:19 of 2nd period - Snap shot by Milan Lucic.
5:19 of 2nd period - Stopped by Jimmy Howard with a rebound.
5:31 of 2nd period - Snap shot by Johnny Gaudreau.
5:31 of 2nd period - Shot Hit the Post.
5:33 of 2nd period - Slapshot by Nick Leddy.
5:33 of 2nd period - Deflect By Nathan Horton.
5:33 of 2nd period - Shot Misses the Net.
5:33 of 2nd period - Puck is out of play.
5:34 of 2nd period - Sean Couturier wins face-off versus Tim Connolly in Rangers zone.
5:45 of 2nd period - Wrist shot by Tim Connolly.
5:45 of 2nd period - Shot Blocked by Sean Couturier.
5:49 of 2nd period - Snap shot by Johnny Gaudreau.
5:49 of 2nd period - Shot Misses the Net.
5:51 of 2nd period - Wrist shot by Johnny Gaudreau.
5:51 of 2nd period - Stopped by Frederik Andersen without a rebound.
5:52 of 2nd period - Derick Brassard wins face-off versus Patrice Bergeron in Rangers zone.
5:57 of 2nd period - Slapshot by John Carlson.
5:57 of 2nd period - Stopped by Frederik Andersen without a rebound.
5:58 of 2nd period - Derick Brassard wins face-off versus Jakob Silfverberg in Rangers zone.
5:59 of 2nd period - Snap shot by Antoine Roussel.
5:59 of 2nd period - Stopped by Frederik Andersen without a rebound.
6:00 of 2nd period - Patrice Bergeron wins face-off versus Antoine Roussel in Rangers zone.
6:24 of 2nd period - Off-side.
6:25 of 2nd period - Tim Connolly wins face-off versus Sean Couturier in neutral zone.
6:28 of 2nd period - Rostislav Olesz is hit by Nathan Horton and loses puck.
6:38 of 2nd period - Minor Penalty to Rostislav Olesz for Cross-checking.
6:39 of 2nd period - Derick Brassard wins face-off versus Milan Lucic in Rangers zone.
6:47 of 2nd period - Snap shot by Antoine Roussel.
6:47 of 2nd period - Deflect By Rick Nash.
6:47 of 2nd period - Stopped by Frederik Andersen with a rebound.
6:49 of 2nd period - Snap shot by Ryan Whitney.
6:49 of 2nd period - Stopped by Frederik Andersen with a rebound.
6:55 of 2nd period - Snap shot by Rick Nash.
6:55 of 2nd period - Shot Misses the Net.
7:09 of 2nd period - Snap shot by Johnny Gaudreau.
7:09 of 2nd period - Deflect By Luke Schenn.
7:09 of 2nd period - Shot Blocked by Luke Schenn.
7:09 of 2nd period - Puck is out of play.
7:10 of 2nd period - Derick Brassard wins face-off versus Patrice Bergeron in Rangers zone.
8:38 of 2nd period - Penalty to Rostislav Olesz is over, Rostislav Olesz is back on ice.
8:44 of 2nd period - Snap shot by Steve Quailer.
8:44 of 2nd period - Shot Blocked by John Carlson.
8:46 of 2nd period - Wrist shot by Tomas Hertl.
8:46 of 2nd period - Shot Misses the Net.
8:48 of 2nd period - Snap shot by Tomas Hertl.
8:48 of 2nd period - Shot Misses the Net.
8:50 of 2nd period - Wrist shot by Chris Bourque.
8:50 of 2nd period - Deflect By Tomas Hertl.
8:50 of 2nd period - Stopped by Jimmy Howard with a rebound.
8:52 of 2nd period - Slapshot by Patrik Nemeth.
8:52 of 2nd period - Stopped by Jimmy Howard without a rebound.
8:53 of 2nd period - Mike Comrie wins face-off versus Sean Couturier in Blackhawks zone.
8:53 of 2nd period - Mike Comrie is hit by Sean Couturier.
9:21 of 2nd period - Wrist shot by Tomas Hertl.
9:21 of 2nd period - Shot Misses the Net.
9:23 of 2nd period - Snap shot by Steve Quailer.
9:23 of 2nd period - Stopped by Jimmy Howard with a rebound.
9:25 of 2nd period - Wrist shot by Chris Bourque.
9:25 of 2nd period - Stopped by Jimmy Howard without a rebound.
9:26 of 2nd period - Patrice Bergeron wins face-off versus Derick Brassard in Blackhawks zone.
9:38 of 2nd period - Wrist shot by Milan Lucic.
9:38 of 2nd period - Shot Misses the Net.
9:57 of 2nd period - Johnny Gaudreau is hit by Luke Schenn.
10:26 of 2nd period - Slapshot by Garnet Hathaway.
10:26 of 2nd period - Stopped by Frederik Andersen without a rebound.
10:27 of 2nd period - Derick Brassard wins face-off versus Patrice Bergeron in Rangers zone.
10:28 of 2nd period - Snap shot by Antoine Roussel.
10:28 of 2nd period - Deflect By Derick Brassard.
10:28 of 2nd period - Shot Misses the Net.
10:28 of 2nd period - Puck is out of play.
10:29 of 2nd period - Patrice Bergeron wins face-off versus Derick Brassard in Rangers zone.
10:29 of 2nd period - Patrice Bergeron is hit by Derick Brassard.
11:04 of 2nd period - Slapshot by John Carlson.
11:04 of 2nd period - Shot Misses the Net.
11:06 of 2nd period - Snap shot by Johnny Gaudreau.
11:06 of 2nd period - Shot Blocked by Dmitry Kulikov.
11:08 of 2nd period - Slapshot by Nathan Horton.
11:08 of 2nd period - Stopped by Frederik Andersen without a rebound.
11:09 of 2nd period - Cody Hodgson wins face-off versus Sean Couturier in Rangers zone.
13:09 of 2nd period - Mark Fistric is hit by Brad Boyes and loses puck.
13:14 of 2nd period - Snap shot by Brad Boyes.
13:14 of 2nd period - Goal by Brad Boyes - Blackhawks : 2 - Rangers : 3.
13:15 of 2nd period - Patrice Bergeron wins face-off versus Derick Brassard in neutral zone.
15:00 of 2nd period - Snap shot by Tim Connolly.
15:00 of 2nd period - Stopped by Frederik Andersen with a rebound.
15:08 of 2nd period - Patrik Nemeth is hit by Nick Leddy and loses puck.
15:19 of 2nd period - Slapshot by Antoine Roussel.
15:19 of 2nd period - Shot Misses the Net.
15:33 of 2nd period - Wrist shot by Milan Lucic.
15:33 of 2nd period - Shot Misses the Net.
16:19 of 2nd period - Snap shot by Mike Comrie.
16:19 of 2nd period - Shot Hit the Post.
16:21 of 2nd period - Slapshot by Matthew Spiller.
16:21 of 2nd period - Shot Blocked by Tomas Hertl.
16:41 of 2nd period - Slapshot by John Carlson.
16:41 of 2nd period - Shot Blocked by Jakob Silfverberg.
16:43 of 2nd period - Wrist shot by Derick Brassard.
16:43 of 2nd period - Stopped by Frederik Andersen without a rebound.
16:44 of 2nd period - Sean Couturier wins face-off versus Tim Connolly in Rangers zone.
17:11 of 2nd period - Ryan Whitney is hit by Dmitry Kulikov and loses puck.
17:24 of 2nd period - Snap shot by Milan Lucic.
17:24 of 2nd period - Shot Misses the Net.
17:36 of 2nd period - Dougie Hamilton is hit by Cam Barker and loses puck.
17:55 of 2nd period - John Carlson is hit by Maxime Sauvé and loses puck.
18:02 of 2nd period - Slapshot by Maxime Sauvé.
18:02 of 2nd period - Stopped by Jimmy Howard without a rebound.
18:03 of 2nd period - Patrice Bergeron wins face-off versus Rick Nash in Blackhawks zone.
18:07 of 2nd period - Minor Penalty to Derick Brassard for Tripping.
18:08 of 2nd period - Mike Comrie wins face-off versus Patrice Bergeron in Blackhawks zone.
18:20 of 2nd period - Slapshot by Cam Barker.
18:20 of 2nd period - Goal by Cam Barker - Blackhawks : 2 - Rangers : 4.
18:21 of 2nd period - Patrice Bergeron wins face-off versus Derick Brassard in neutral zone.
18:37 of 2nd period - Snap shot by Derick Brassard.
18:37 of 2nd period - Stopped by Frederik Andersen with a rebound.
18:58 of 2nd period - Snap shot by Rostislav Olesz.
18:58 of 2nd period - Shot Blocked by Ryan Whitney.
19:15 of 2nd period - Snap shot by Steve Quailer.
19:15 of 2nd period - Stopped by Jimmy Howard without a rebound.
19:16 of 2nd period - Derick Brassard wins face-off versus Patrice Bergeron in Blackhawks zone.
Goals for this period are 1 for Blackhawks vs 2 for Rangers.
Shots for this period are 12 for Blackhawks vs 10 for Rangers.
3rd period
0:01 of 3rd period - Derick Brassard wins face-off versus Patrice Bergeron in neutral zone.
1:38 of 3rd period - Derick Brassard is hit by Kyle Okposo and loses puck.
2:16 of 3rd period - Johnny Gaudreau is hit by Magnus Paajarvi and loses puck.
2:53 of 3rd period - Slapshot by Johnny Gaudreau.
2:53 of 3rd period - Shot Blocked by Maxime Sauvé.
2:55 of 3rd period - Snap shot by Nathan Horton.
2:55 of 3rd period - Deflect By Johnny Gaudreau.
2:55 of 3rd period - Shot Misses the Net.
2:55 of 3rd period - Puck is out of play.
2:56 of 3rd period - Derick Brassard wins face-off versus Patrice Bergeron in Rangers zone.
3:50 of 3rd period - Mike Comrie is hit by Tomas Hertl and loses puck.
4:45 of 3rd period - Wrist shot by Chris Bourque.
4:45 of 3rd period - Stopped by Jimmy Howard without a rebound.
4:46 of 3rd period - Derick Brassard wins face-off versus Milan Lucic in Blackhawks zone.
4:48 of 3rd period - Minor Penalty to Ryan Whitney for Tripping.
4:49 of 3rd period - Mike Comrie wins face-off versus Patrice Bergeron in Blackhawks zone.
5:00 of 3rd period - Off-side.
5:01 of 3rd period - Milan Lucic wins face-off versus Mike Comrie in neutral zone.
5:06 of 3rd period - Slapshot by Luke Schenn.
5:06 of 3rd period - Stopped by Jimmy Howard with a rebound.
5:08 of 3rd period - Snap shot by Patrice Bergeron.
5:08 of 3rd period - Goal by Patrice Bergeron - Blackhawks : 2 - Rangers : 5.
5:09 of 3rd period - Patrice Bergeron wins face-off versus Derick Brassard in neutral zone.
5:38 of 3rd period - Snap shot by Cody Hodgson.
5:38 of 3rd period - Shot Blocked by Cam Barker.
5:46 of 3rd period - Slapshot by Jakob Silfverberg.
5:46 of 3rd period - Stopped by Jimmy Howard without a rebound.
5:47 of 3rd period - Antoine Roussel wins face-off versus Sean Couturier in Blackhawks zone.
6:56 of 3rd period - Devante Smith-Pelly is hit by Brad Boyes and loses puck.
7:05 of 3rd period - Snap shot by Brad Boyes.
7:05 of 3rd period - Shot Blocked by Devante Smith-Pelly.
7:45 of 3rd period - Brent Seabrook is hit by Jakob Silfverberg and loses puck.
8:15 of 3rd period - Icing by Morgan Ellis.
8:16 of 3rd period - Tomas Hertl wins face-off versus Mike Comrie in Rangers zone.
8:28 of 3rd period - Icing by Jakob Silfverberg.
8:29 of 3rd period - Patrice Bergeron wins face-off versus Antoine Roussel in Rangers zone.
9:23 of 3rd period - Slapshot by Steve Quailer.
9:23 of 3rd period - Deflect By Tomas Hertl.
9:23 of 3rd period - Shot Misses the Net.
9:23 of 3rd period - Puck is out of play.
9:24 of 3rd period - Tomas Hertl wins face-off versus Derick Brassard in Blackhawks zone.
9:47 of 3rd period - Slapshot by Chris Bourque.
9:47 of 3rd period - Stopped by Jimmy Howard with a rebound.
9:51 of 3rd period - Snap shot by Steve Quailer.
9:51 of 3rd period - Shot Misses the Net.
9:53 of 3rd period - Snap shot by Mark Fistric.
9:53 of 3rd period - Shot Misses the Net.
9:55 of 3rd period - Snap shot by Dmitry Kulikov.
9:55 of 3rd period - Shot Misses the Net.
10:23 of 3rd period - Snap shot by Antoine Roussel.
10:23 of 3rd period - Deflect By Mark Fistric.
10:23 of 3rd period - Shot Misses the Net.
10:23 of 3rd period - Puck is out of play.
10:24 of 3rd period - Patrice Bergeron wins face-off versus Tim Connolly in Rangers zone.
11:17 of 3rd period - Wrist shot by Maxime Sauvé.
11:17 of 3rd period - Stopped by Jimmy Howard with a rebound.
11:19 of 3rd period - Slapshot by Mark Fistric.
11:19 of 3rd period - Deflect By Maxime Sauvé.
11:19 of 3rd period - Shot Misses the Net.
11:19 of 3rd period - Puck is out of play.
11:20 of 3rd period - Patrice Bergeron wins face-off versus Tim Connolly in Blackhawks zone.
11:35 of 3rd period - Slapshot by Patrice Bergeron.
11:35 of 3rd period - Stopped by Jimmy Howard without a rebound.
11:36 of 3rd period - Sean Couturier wins face-off versus Antoine Roussel in Blackhawks zone.
12:03 of 3rd period - Nathan Horton is hit by Jakob Silfverberg and loses puck.
13:34 of 3rd period - Wrist shot by Jakob Silfverberg.
13:34 of 3rd period - Stopped by Jimmy Howard with a rebound.
13:36 of 3rd period - Slapshot by Patrik Nemeth.
13:36 of 3rd period - Stopped by Jimmy Howard without a rebound.
13:37 of 3rd period - Patrice Bergeron wins face-off versus Tim Connolly in Blackhawks zone.
14:11 of 3rd period - Wrist shot by Jakob Silfverberg.
14:11 of 3rd period - Stopped by Jimmy Howard without a rebound.
14:12 of 3rd period - Derick Brassard wins face-off versus Sean Couturier in Blackhawks zone.
14:12 of 3rd period - Derick Brassard is hit by Rostislav Olesz.
14:47 of 3rd period - Snap shot by Garnet Hathaway.
14:47 of 3rd period - Shot Misses the Net.
15:25 of 3rd period - Slapshot by Antoine Roussel.
15:25 of 3rd period - Goal by Antoine Roussel - Blackhawks : 3 - Rangers : 5.
15:26 of 3rd period - Tomas Hertl wins face-off versus Cody Hodgson in neutral zone.
15:48 of 3rd period - Icing by Chris Bourque.
15:49 of 3rd period - Tomas Hertl wins face-off versus Antoine Roussel in Rangers zone.
16:25 of 3rd period - Wrist shot by Patrice Bergeron.
16:25 of 3rd period - Deflect By Milan Lucic.
16:25 of 3rd period - Goal by Milan Lucic - Blackhawks : 3 - Rangers : 6.
16:26 of 3rd period - Tim Connolly wins face-off versus Sean Couturier in neutral zone.
16:52 of 3rd period - Milan Lucic is hit by John Carlson and loses puck.
17:32 of 3rd period - Snap shot by Gabriel Bourque.
17:32 of 3rd period - Stopped by Frederik Andersen without a rebound.
17:33 of 3rd period - Maxime Sauvé wins face-off versus Mike Comrie in Rangers zone.
17:37 of 3rd period - Off-side.
17:38 of 3rd period - Patrice Bergeron wins face-off versus Derick Brassard in neutral zone.
18:26 of 3rd period - Snap shot by Cody Hodgson.
18:26 of 3rd period - Stopped by Frederik Andersen without a rebound.
18:27 of 3rd period - Chris Bourque wins face-off versus Cody Hodgson in Rangers zone.
18:32 of 3rd period - Snap shot by Garnet Hathaway.
18:32 of 3rd period - Shot Blocked by Dmitry Kulikov.
18:34 of 3rd period - Slapshot by Cody Hodgson.
18:34 of 3rd period - Stopped by Frederik Andersen without a rebound.
18:35 of 3rd period - Patrice Bergeron wins face-off versus Derick Brassard in Rangers zone.
18:35 of 3rd period - Patrice Bergeron is hit by Rick Nash.
18:56 of 3rd period - Milan Lucic is hit by Nick Leddy and loses puck.
19:09 of 3rd period - Nick Leddy is hit by Kyle Okposo.
19:36 of 3rd period - Wrist shot by Chris Bourque.
19:36 of 3rd period - Shot Misses the Net.
19:40 of 3rd period - Wrist shot by Chris Bourque.
19:40 of 3rd period - Shot Misses the Net.
19:42 of 3rd period - Wrist shot by Dmitry Kulikov.
19:42 of 3rd period - Deflect By Chris Bourque.
19:42 of 3rd period - Goal by Chris Bourque - Blackhawks : 3 - Rangers : 7.
19:43 of 3rd period - Derick Brassard wins face-off versus Patrice Bergeron in neutral zone.
19:54 of 3rd period - Slapshot by Antoine Roussel.
19:54 of 3rd period - Shot Misses the Net.
19:56 of 3rd period - Wrist shot by Antoine Roussel.
19:56 of 3rd period - Stopped by Frederik Andersen without a rebound.
19:57 of 3rd period - Rick Nash wins face-off versus Patrice Bergeron in Rangers zone.
Goals for this period are 1 for Blackhawks vs 3 for Rangers.
Shots for this period are 5 for Blackhawks vs 12 for Rangers.